AoeStats
← rateezy

Fortress

509301256Analyzed
4v4 RM · 5d ago on Sep 26, 2026· 50m 37s· 8 players
Game mode
Random Map
Map size
Huge
Population
200
Speed
Normal
Resources
Standard
Victory
Conquest
Starting age
Dark Age
Ending age
Imperial Age
RankedLock teamsTeams togetherTeam positionsShared explorationLock speedFull tech treeHidden civsTurbo modeCheats
Victory
Defeat
🇺🇸 Teutons · United States
1432
+13
🇲🇽 Bengalis · Mexico
1373
+15
🇲🇽 Romans · Mexico
1347
+16
🇮🇳 Huns · India
1285
+20
🇨🇳 Huns · China
1404
-18
🇹🇼 Persians · Taiwan
1360
-16
🇨🇳 Dravidians · China
1335
-15
🇮🇳 Bengalis · India
1333
-15
精锐磁暴步兵
6:12 Feudal Age
6:57 Double-Bit Axe
7:07 Horse Collar
11:39 Castle Age
13:15 Bow Saw
13:08 Heavy Plow
13:43 Loom
17:49 Town Watch
17:57 Pikeman
19:17 Scale Mail Armor
20:23 Chain Mail Armor
21:44 Squires
23:11 Wheelbarrow
24:44 Hand Cart
27:44 Imperial Age
25:15 Gold Mining
25:32 Padded Archer Armor
25:19 Man-at-Arms
25:44 Gambesons
25:45 Arson
26:11 Forging
26:56 Long Swordsman
28:13 Iron Casting
27:49 Halberdier
27:49 Two-Handed Swordsman
29:31 Two-Man Saw
28:54 Wootz Steel
28:54 Conscription
29:31 Plate Mail Armor
30:32 Blast Furnace
29:00 Champion
30:09 Fletching
30:41 Ballistics
30:46 Medical Corps
31:12 Thumb Ring
32:55 Chemistry
35:21 Elite Elephant Archer
37:32 Leather Archer Armor
37:13 Bodkin Arrow
40:28 Bracer
40:59 Ring Archer Armor
40:52 Bombard Tower
45:08 Siege Elephant
chengaopeng044
0:30 Loom
8:02 Feudal Age
9:05 Double-Bit Axe
11:42 Castle Age
10:09 Scale Barding Armor
12:50 Bow Saw
17:08 Horse Collar
18:32 Gold Mining
19:44 Town Watch
21:41 Stone Mining
22:35 Heavy Plow
24:33 Wheelbarrow
26:11 Hand Cart
28:05 Caravan
28:39 Bloodlines
28:30 Husbandry
31:52 Imperial Age
30:02 Chain Barding Armor
29:54 Forging
29:37 Fletching
29:49 Padded Archer Armor
30:52 Gold Shaft Mining
30:49 Kamandaran
31:34 Ballistics
31:14 Bodkin Arrow
32:10 Leather Archer Armor
32:49 Conscription
32:21 Crossbowman
33:08 Thumb Ring
34:13 Cavalier
36:39 Plate Barding Armor
36:41 Iron Casting
37:13 Chemistry
37:15 Two-Man Saw
38:56 Ring Archer Armor
39:28 Blast Furnace
39:20 Heavy Camel Rider
42:16 Stone Shaft Mining
43:50 Crop Rotation
43:24 Scale Mail Armor
44:00 Light Cavalry
44:59 Chain Mail Armor
45:17 Coinage
愿随心
7:51 Feudal Age
11:43 Castle Age
9:45 Horse Collar
10:06 Double-Bit Axe
14:58 Bow Saw
14:38 Loom
17:07 Wheelbarrow
18:28 Gold Mining
19:16 Scale Barding Armor
20:17 Chain Barding Armor
20:43 Forging
23:31 Hand Cart
23:31 Bloodlines
23:23 Husbandry
24:28 Iron Casting
27:14 Imperial Age
25:59 Marauders
27:26 Elite Tarkan
29:22 Loom
32:20 Two-Man Saw
33:10 Conscription
33:48 Plate Barding Armor
35:07 Blast Furnace
34:39 Fletching
34:49 Padded Archer Armor
34:59 Elite Skirmisher
37:21 Chemistry
36:41 Ballistics
36:55 Bodkin Arrow
38:53 Bracer
39:08 Leather Archer Armor
39:38 Masonry
39:50 Scale Mail Armor
39:11 Light Cavalry
41:30 Caravan
42:28 Careening
42:06 Hussar
43:02 Heavy Plow
rateezy
7:57 Feudal Age
8:51 Horse Collar
11:54 Castle Age
10:06 Double-Bit Axe
10:03 Horse Collar
12:21 Wheelbarrow
13:19 Bow Saw
13:10 Heavy Plow
13:52 Heavy Plow
16:24 Loom
18:37 Town Watch
19:09 Hand Cart
18:40 Town Watch
18:57 Gold Mining
21:05 Gold Shaft Mining
20:28 Stone Mining
24:06 Imperial Age
23:11 Scale Barding Armor
23:16 Forging
23:15 Paiks
24:36 Bloodlines
24:26 Husbandry
24:47 Chain Barding Armor
24:28 Scale Mail Armor
24:23 Elite Battle Elephant
25:40 Iron Casting
26:26 Conscription
27:01 Plate Barding Armor
27:57 Blast Furnace
29:45 Guilds
30:48 Fletching
31:05 Devotion
33:11 Murder Holes
33:37 Ballistics
33:10 Guard Tower
38:08 Fortified Wall
38:10 Masonry
39:26 Light Cavalry
40:20 Bodkin Arrow
40:59 Architecture
41:30 Chemistry
41:31 Keep
41:35 Bracer
41:24 Arrowslits
42:40 Siege Engineers
46:14 Mahayana
nikhdy
7:53 Feudal Age
11:39 Castle Age
9:28 Double-Bit Axe
10:51 Horse Collar
12:45 Scale Barding Armor
13:04 Bow Saw
13:08 Gold Mining
16:35 Scale Mail Armor
16:51 Forging
18:18 Wheelbarrow
19:56 Chain Barding Armor
20:14 Hand Cart
23:03 Iron Casting
23:05 Stone Mining
23:50 Gold Shaft Mining
23:46 Heavy Plow
23:42 Loom
28:32 Imperial Age
27:39 Pikeman
28:20 Squires
28:05 Arson
28:45 Scale Mail Armor
29:09 Halberdier
30:11 Chain Mail Armor
31:40 Blast Furnace
33:39 Conscription
34:02 Plate Barding Armor
35:33 Elite Tarkan
37:44 Husbandry
37:54 Bloodlines
38:59 Marauders
48:55 Fletching
RedKing
8:33 Feudal Age
9:55 Double-Bit Axe
9:51 Horse Collar
10:02 Gold Mining
13:13 Castle Age
14:46 Heavy Plow
14:59 Bow Saw
15:38 Heavy Plow
16:15 Loom
20:08 Wheelbarrow
20:25 Town Watch
23:16 Gold Shaft Mining
25:44 Imperial Age
23:31 Hand Cart
23:08 Stone Mining
24:48 Scale Mail Armor
24:58 Forging
26:20 Chain Mail Armor
26:08 Squires
25:30 Pikeman
26:35 Ballistas
27:34 Chemistry
27:27 Iron Casting
27:36 Crop Rotation
28:30 Ballistics
27:40 Heavy Scorpion
30:45 Blast Furnace
31:51 Conscription
32:06 Siege Engineers
32:37 Halberdier
43:41 Fortified Wall
dreams2996
7:13 Feudal Age
11:07 Castle Age
9:05 Double-Bit Axe
9:13 Horse Collar
14:35 Loom
15:22 Bow Saw
16:39 Town Watch
19:24 Wheelbarrow
21:17 Hand Cart
24:39 Imperial Age
23:03 Scale Mail Armor
23:14 Forging
22:55 Fletching
23:05 Padded Archer Armor
22:48 Pikeman
23:28 Squires
23:14 Arson
24:28 Chain Mail Armor
24:00 Gambesons
25:12 Iron Casting
24:53 Halberdier
26:43 Chemistry
26:10 Conscription
26:13 Heavy Plow
27:54 Plate Mail Armor
27:25 Bodkin Arrow
27:44 Fortified Wall
30:17 Blast Furnace
30:11 Leather Archer Armor
30:19 Ballistics
30:10 Masonry
34:51 Elite Teutonic Knight
41:37 Bloodlines
41:34 Scale Barding Armor
43:34 Chain Barding Armor
43:50 Crenellations
44:11 Caravan
44:42 Coinage
44:51 Crop Rotation
45:38 Plate Barding Armor
45:57 Ring Archer Armor
47:55 Two-Man Saw
48:38 Ironclad
47:59 Man-at-Arms
49:13 Banking
[GDL] ColimoteStudioS
8:04 Feudal Age
13:49 Castle Age
12:01 Double-Bit Axe
11:58 Horse Collar
13:02 Wheelbarrow
15:17 Bow Saw
15:16 Heavy Plow
16:36 Loom
16:38 Town Watch
20:47 Gold Mining
20:48 Stone Mining
21:51 Hand Cart
23:18 Pikeman
23:43 Gambesons
23:59 Squires
23:44 Arson
24:56 Fortified Wall
25:40 Fletching
25:51 Padded Archer Armor
28:38 Imperial Age
26:23 Bodkin Arrow
29:30 Leather Archer Armor
29:37 Ballistics
29:25 Elite Elephant Archer
30:30 Conscription
30:58 Ring Archer Armor
30:30 Bracer
32:42 Chemistry
32:20 Paiks
36:33 Siege Engineers
36:40 Masonry
40:40 Gold Shaft Mining
40:55 Forging
40:51 Scale Barding Armor
41:22 Bloodlines
41:12 Husbandry
40:57 Light Cavalry
41:59 Chain Barding Armor
42:15 Iron Casting
45:48 Plate Barding Armor
46:14 Blast Furnace
46:08 Caravan
47:40 Coinage
47:21 Guilds
48:15 Mahayana
49:37 Banking
Connection lost

Rejoining the realm…

Still unreachable

The connection could not be restored.

Session expired

The server has moved on; the page needs a fresh start.